 Dungeon Crawl Stone Soup version 0.28.0-53-g5a82cb258f (webtiles) character file.

Game seed: 13166769449505930576

2039 Bruhh the Zephyrmancer (level 9, 0/74 HPs)
             Began as an Ogre Air Elementalist on May 26, 2022.
             Was a Believer of Cheibriados.
             Slain by a wolf (9 damage)
             ... led by Grum
             ... while paralysed by a hornet
             ... on level 8 of the Dungeon.
             The game lasted 00:25:33 (11655 turns).

Bruhh the Zephyrmancer (Ogre Air Elementalist)     Turns: 11655, Time: 00:25:34

Health: 0/74       AC:  6    Str: 25    XL:     9   Next: 24%
Magic:  16/18      EV:  1    Int: 25    God:    Cheibriados [**....]
Gold:   327        SH:  0    Dex: 20    Spells: 13/20 levels left

rFire   . . .      SeeInvis .   n - +0 short sword (venom)
rCold   . . .      Faith    .   (no shield)
rNeg    + . .      Spirit   .   d - +2 robe {Will+}
rPois   .          Reflect  .   (helmet restricted)
rElec   .          Harm     .   x - +0 cloak
rCorr   .          Rampage  .   (gloves unavailable)
Will    +....                   (boots unavailable)
Stlth   ++........              q - amulet of Zuxkum {rN+ Regen+}
HPRegen 1.02/turn               i - +6 ring of dexterity
MPRegen 0.16/turn               p - +6 ring of strength

@: paralysed, very slow
A: large, unfitting armour, tough skin 1
a: Renounce Religion, Bend Time


You were on level 8 of the Dungeon.
You worshipped Cheibriados.
Cheibriados was pleased with you.
You visited 2 branches of the dungeon, and saw 9 of its levels.

You collected 327 gold pieces.

Inventory:

Hand Weapons
 n - a +0 short sword of venom (weapon)
Missiles
 h - 4 throwing nets
Armour
 a - a +0 robe
 d - a +2 robe of willpower (worn)
 x - a +0 cloak (worn)
Jewellery
 i - a +6 ring of dexterity (left hand)
 p - a +6 ring of strength (right hand)
 q - the amulet of Zuxkum (around neck) {rN+ Regen+}
   (You found it on level 5 of the Dungeon)

   [amulet of regeneration]

   rN:        It protects you from negative energy.
   Regen:     It increases your rate of health regeneration.
 s - a ring of positive energy
 u - an amulet of regeneration
 A - a ring of ice
Wands
 r - a wand of acid (9)
Scrolls
 b - 9 scrolls of identify {unknown}
 e - 6 scrolls of teleportation
 f - 2 scrolls of enchant armour {unknown}
 j - a scroll of holy word {unknown}
 k - a scroll of noise {unknown}
 l - a scroll of silence {unknown}
 o - a scroll of enchant weapon {unknown}
 v - a scroll of immolation {unknown}
 y - a scroll of magic mapping {unknown}
Potions
 c - 3 potions of brilliance
 g - 2 potions of haste {unknown}
 m - a potion of curing
 t - a potion of might {unknown}
 w - a potion of flight {unknown}
 z - a potion of resistance {unknown}


   Skills:
 - Level 1.7 Dodging
 - Level 1.4 Stealth
 - Level 6.0 Spellcasting
 - Level 5.0 Conjurations
 + Level 3.7 Translocations
 - Level 8.0 Air Magic


You had 13 spell levels left.
You knew the following spells:

 Your Spells              Type           Power      Damage    Failure   Level
a - Shock                 Conj/Air       100%       1d9       1%          1
b - Static Discharge      Conj/Air       40%        N/A       1%          2
c - Airstrike             Air            23%        N/A       2%          4

Your spell library contained the following spells:

 Spells                   Type           Power      Damage    Failure   Level
 Swiftness                Air            47%        N/A       1%          3
 Gell's Gravitas          Tloc           26%        N/A       4%          3
 Lesser Beckoning         Tloc           26%        N/A       4%          3
 Teleport Other           Tloc           26%        N/A       4%          3
 Freeze                   Ice            28%        1d5       8%          1
 Sublimation of Blood     Necr           7%         N/A       11%         2
 Wereblood                Tmut           7%         N/A       11%         2
 Frozen Ramparts          Ice            14%        1d3       22%         3
 Hailstorm                Conj/Ice       20%        3d6       26%         4
 Summon Hydra             Summ           3%         N/A       100%        7


Dungeon Overview and Level Annotations

Branches:
Dungeon (8/15)             Temple (1/1) D:6
   Lair: D:8-11

Altars:
Ashenzari
Cheibriados
Elyvilon
Fedhas
Gozag
Hepliaklqana
Kikubaaqudgha
Makhleb
Nemelex Xobeh
Qazlal
Ru
Sif Muna
Trog
Uskayaw
Vehumet
Wu Jian
Xom
Yredelemnul
Zin

Portals:
Abyss: D:3

Annotations:
D:3 2 transporters, kalagan's ghost, weakling DECj
D:8 Grum


Innate Abilities, Weirdness & Mutations

You are too large for most types of armour.
You have tough skin. (AC +1)


Message History

Done exploring.
Done exploring.
You can't go up here!
You climb downwards.
Level annotation: Grum The wolf howls!
You hear a howl!
A hornet comes into view.
There is a stone staircase leading up, spattered with blood here.
The zap misses Grum.
The zap hits the wolf.
The wolf is lightly wounded.
The wolf howls!
The hornet buzzes angrily.
A wolf comes into view. x2
Grum closely misses you.
The zap misses the wolf.
The zap hits the wolf.
The wolf is lightly wounded.
The wolf howls!
The wolf bites you! Grum barely misses you.
The zap hits the wolf.
The wolf is heavily wounded.
The zap hits the wolf.
The wolf is lightly wounded.
The wolf bites you but does no damage. x2; Grum barely misses you.
Casting: Shock (safe; 1% risk of failure)
Confirm with . or Enter, or press ? or * to list all spells.
Okay, then.
The hornet stings you but does no damage.
The wolf bites you but does no damage. The hornet stings you!
You suddenly lose the ability to move!
Grum hits you from afar with a -2 glaive!
The wolf bites you. The wolf bites you.
The hornet stings you but does no damage.
The wolf bites you. The wolf bites you! Grum barely misses you.
The wolf bites you. The wolf bites you. The hornet stings you!
* * * LOW HITPOINT WARNING * * *
You shrug off the repeated paralysis!
The wolf bites you!
* * * LOW HITPOINT WARNING * * *
The wolf bites you!
You die...

............... ..
.............$.... ..
##.........#.......
#.##..#......$.#...... #
#.....# ..............
#.##....# ..............
#.....g.# ..............
#.....hh#.......##......
#...h@h....... ..#....
......[y)...... ......_.
...............
........§......
####..≈≈§≈§≈...
...≈≈§≈§≈...
###.§§§§≈≈...
#.§§_§≈≈§..


You could see Grum, a hornet and 4 wolves.

Vanquished Creatures
  2 yaks
  A water moccasin (D:7)
  Duvessa (D:7)
  An ice beast (D:7)
  A sky beast (D:6)
  A bullfrog (D:6)
  A gnoll sergeant (D:8)
  2 scorpions
  Dowan (D:7)
  4 killer bees (D:8)
  2 howler monkeys (D:7)
  A bullfrog zombie (D:5)
  A jelly (D:6)
  2 hounds
  Crazy Yiuf (D:5)
  5 iguanas
  5 orc wizards
  15 gnolls
  4 adders
  A shadow imp (D:5)
  A white imp (D:6)
  4 dart slugs
  41 orcs
  3 bats
  4 bat zombies (D:8)
  2 endoplasms
  7 giant cockroaches
  14 goblins
  10 hobgoblins
  2 jackals (D:1)
  6 quokkas
  12 ball pythons
  4 frilled lizards
  12 kobolds
  7 rats
  3 rat zombies (D:8)
184 creatures vanquished.

Vanquished Creatures (others)
  A fungus (D:5)
  A plant (D:6)
2 creatures vanquished.

Grand Total: 186 creatures vanquished

Notes
Turn   | Place    | Note
-------+----------+-------------------------------------------
     0 | D:1      | Bruhh the Ogre Air Elementalist began the quest for the
                  | Orb.
     0 | D:1      | Reached XP level 1. HP: 16/16 MP: 3/3
   577 | D:1      | Reached XP level 2. HP: 24/24 MP: 1/6
  1317 | D:1      | Reached XP level 3. HP: 31/31 MP: 4/8
  1358 | D:1      | Reached skill level 1 in Conjurations
  2075 | D:1      | HP: 1/31 [gnoll/+0 flail (4)]
  2077 | D:1      | Reached XP level 4. HP: 2/39 MP: 5/10
  2714 | D:2      | Learned a level 2 spell: Static Discharge
  3234 | D:3      | Noticed a small abomination
  3237 | D:3      | Found a one-way gate to the infinite horrors of the Abyss.
  3237 | D:3      | Noticed kalagan's ghost (weakling DECj)
  3249 | D:3      | Found a transporter.
  3290 | D:3      | Found a transporter.
  3338 | D:3      | Reached XP level 5. HP: 42/45 MP: 5/11
  3657 | D:3      | Found a basalt altar of Yredelemnul.
  3992 | D:4      | Noticed a yak
  3993 | D:4      | Noticed a yak
  3996 | D:4      | Noticed a yak
  4022 | D:3      | HP: 2/45 [iguana (12)]
  4027 | D:3      | Reached skill level 3 in Air Magic
  4844 | D:4      | Killed a yak
  4845 | D:4      | Reached XP level 6. HP: 22/53 MP: 1/12
  5119 | D:4      | Reached skill level 4 in Air Magic
  5994 | D:4      | Reached XP level 7. HP: 59/59 MP: 7/13
  6285 | D:5      | Entered Level 5 of the Dungeon
  6317 | D:5      | Identified the amulet of Zuxkum {rN+ Regen+}
  6443 | D:5      | Reached skill level 5 in Conjurations
  7010 | D:5      | Reached skill level 5 in Air Magic
  7730 | D:5      | Found a runed translucent door.
  7731 | D:5      | Noticed Crazy Yiuf
  7738 | D:5      | Killed Crazy Yiuf
  8278 | D:6      | Found a bloodstained altar of Trog.
  8334 | D:6      | Reached skill level 5 in Spellcasting
  8339 | D:6      | Learned a level 4 spell: Airstrike
  8607 | D:6      | Reached XP level 8. HP: 64/67 MP: 10/15
  8896 | D:6      | Found a staircase to the Ecumenical Temple.
  8898 | D:6      | You fall into a shaft and drop 1 floor!
  9029 | D:7      | Reached skill level 6 in Air Magic
  9089 | D:7      | Noticed Duvessa
  9095 | D:7      | Noticed Dowan
  9100 | D:7      | HP: 1/67 [Duvessa/+0 short sword (10)]
  9154 | D:7      | Killed Duvessa
  9477 | Temple   | Entered the Ecumenical Temple
  9668 | Temple   | Became a worshipper of Cheibriados the Contemplative
  9986 | D:6      | Reached skill level 7 in Air Magic
 10083 | D:6      | Reached * piety under Cheibriados
 10390 | D:6      | Found a burning altar of Makhleb.
 10457 | D:7      | Killed Dowan
 11323 | D:8      | Reached skill level 8 in Air Magic
 11365 | D:8      | Reached ** piety under Cheibriados
 11383 | D:8      | Found an ancient bone altar of Kikubaaqudgha.
 11411 | D:8      | Noticed a yak
 11412 | D:8      | Found a sparkling altar of Nemelex Xobeh.
 11412 | D:8      | Noticed a yak
 11491 | D:7      | Killed a yak
 11492 | D:7      | Reached XP level 9. HP: 37/74 MP: 9/18
 11528 | D:8      | Found a sacrificial altar of Ru.
 11537 | D:8      | Noticed Grum
 11649 | D:8      | Noticed a hornet
 11653 | D:8      | Paralysed by a hornet for 3 turns
 11655 | D:8      | Slain by a wolf

Illustrated notes

Levels and vault maps discovered:
D:1:      onia_arrival_mini_maze_b, layout_basic
D:2:      layout_loops_cross
D:3:      layout_basic, old_standard_altar, gammafunk_ghost_abyssal_escape
D:4:      nicolae_cairo_tiling_large_dashed, layout_rooms, kennysheep_potato
D:5:      layout_basic, serial_co_window_serial, co_window_of_opportunity_a,
          co_window_of_opportunity_a, co_window_paths_a, co_window_corner_a,
          co_window_of_opportunity_a, co_window_broadway_b, co_window_cross_3,
          co_window_of_opportunity_b, co_window_corner_b,
          co_window_unsneaky_path_c, co_window_unsneaky_path_b,
          co_window_paths_d, glass_columns_b, glass_columns_a,
          uniq_crazy_yiuf_cottage
D:6:      corexii_shantytown, layout_basic, lemuel_doored_altar, bloody_trog,
          minmay_temple_entry_grid, serial_bayou_pond_a
D:7:      layout_basic, uniq_duvessa
D:8:      layout_rooms, general_overflow_altar,
          lemuel_zombie_altar_kikubaaqudgha,
          chequers_temple_overflow_statue_of_worship, uniq_grum,
          uniq_prince_ribbit1
Temple:   nicolae_temple_figure_eight

Skill      XL: |  1  2  3  4  5  6  7  8  9 |
---------------+----------------------------+-----
Spellcasting   | 3 4 5 6 |  6.0
Conjurations   | 2 3 4 5 |  5.0
Air Magic      | 3 4 5 8 |  8.0
Translocations | 2 3 |  3.7
Dodging        | |  1.7
Stealth        | |  1.4

Action                   |  1- 3 |  4- 6 |  7- 9 || total
-------------------------+-------+-------+-------++-------
Melee: Unarmed           |    30 |    12 |       ||    42
       Short sword       |       |    19 |    95 ||   114
       Punch             |       |     1 |     1 ||     2
 Cast: Shock             |    96 |    94 |   137 ||   327
       Static Discharge  |       |    18 |    34 ||    52
       Airstrike         |       |       |     9 ||     9
  Use: Potion            |       |     6 |     2 ||     8
       Scroll            |       |     1 |     1 ||     2
Armor: Robe              |    25 |    11 |    66 ||   102
       Skin              |       |    10 |       ||    10
Dodge: Dodged            |    29 |    33 |   104 ||   166
